 Dungeon Crawl Stone Soup version 0.28.0-53-g5a82cb258f (webtiles) character file.

Game seed: 3082384983048382381

70 gobodom the Magician (level 4, -1/30 HPs)
             Began as a Demonspawn Hedge Wizard on June 19, 2022.
             Slain by a bullfrog (7 damage)
             ... on level 3 of the Dungeon.
             The game lasted 00:10:52 (2552 turns).

gobodom the Magician (Demonspawn Hedge Wizard)      Turns: 2552, Time: 00:10:53

Health: -1/30      AC:  6    Str: 10    XL:     4   Next: 3%
Magic:  6/9        EV: 12    Int: 18    God:
Gold:   114        SH:  0    Dex: 12    Spells: 9/10 levels left

rFire   . . .      SeeInvis .   m - +0 rapier
rCold   . . .      Faith    .   (no shield)
rNeg    . . .      Spirit   .   b - +0 robe
rPois   .          Reflect  .   c - +0 hat
rElec   .          Harm     .   (no cloak)
rCorr   .          Rampage  .   j - +0 pair of gloves
Will    .....                   (no boots)
Stlth   ++........              (no amulet)
HPRegen 0.10/turn               (no ring)
MPRegen 0.11/turn               (no ring)

@: very slightly contaminated
A: thin metallic scales 2
a: no special abilities


You were on level 3 of the Dungeon.
You visited 1 branch of the dungeon, and saw 3 of its levels.

You collected 114 gold pieces.

Inventory:

Hand Weapons
 a - a +0 dagger
 m - a +0 rapier (weapon)
Missiles
 i - 2 poisoned darts (quivered)
Armour
 b - a +0 robe (worn)
 c - a +0 hat (worn)
 j - a +0 pair of gloves (worn)
Jewellery
 h - a ring of ice
Scrolls
 e - a scroll of magic mapping {unknown}
 f - a scroll of teleportation
 k - a scroll of vulnerability {unknown}
 n - a scroll of enchant weapon {unknown}
Potions
 d - a potion of resistance
 g - 2 potions of might {unknown}


   Skills:
 + Level 0.2 Fighting
 + Level 0.8 Short Blades
 + Level 2.2 Dodging
 + Level 2.1 Stealth
 + Level 3.7 Spellcasting
 + Level 1.8 Conjurations
 + Level 1.0 Summonings
 + Level 0.8 Translocations


You had 9 spell levels left.
You knew the following spells:

 Your Spells              Type           Power      Damage    Failure   Level
a - Magic Dart            Conj           40%        1d5       7%          1

Your spell library contained the following spells:

 Spells                   Type           Power      Damage    Failure   Level
 Summon Small Mammal      Summ           28%        N/A       10%         1
 Apportation              Tloc           12%        N/A       11%         1
 Animate Skeleton         Necr           6%         N/A       16%         1
 Slow                     Hex            12%        N/A       16%         1
 Blink                    Tloc           12%        N/A       16%         2
 Call Imp                 Summ           7%         N/A       16%         2
 Conjure Flame            Conj/Fire      6%         6-21      30%         3
 Mephitic Cloud           Conj/Pois/Air  5%         N/A       34%         3


Dungeon Overview and Level Annotations

Branches:
Dungeon (3/15)

Altars:

Annotations:
D:3 MiltankisOP's ghost, amateur DjTm


Innate Abilities, Weirdness & Mutations

You are mostly covered in thin metallic scales. (AC +3)


Message History

The bullfrog is heavily wounded.
The bullfrog hits you. x2
* * * LOW HITPOINT WARNING * * *
Casting: Magic Dart (safe; 7% risk of failure)
Confirm with . or Enter, or press ? or * to list all spells.
Aiming: Magic Dart (safe; 7% risk of failure)
Press: ? - help, Shift-Dir - straight line, f/p - bullfrog
Aim: a bullfrog (heavily wounded, 100% to hit)
The magic dart hits the bullfrog.
The bullfrog is heavily wounded.
The bullfrog closely misses you.
Casting: Magic Dart (safe; 7% risk of failure)
Confirm with . or Enter, or press ? or * to list all spells.
Aiming: Magic Dart (safe; 7% risk of failure)
Press: ? - help, Shift-Dir - straight line, f/p - bullfrog
Aim: a bullfrog (heavily wounded, 100% to hit)
You miscast Magic Dart.
You are very lightly contaminated with residual magic.
Nothing appears to happen.
The bullfrog hits you but does no damage.
The bullfrog hits you.
* * * LOW HITPOINT WARNING * * *
You puncture the bullfrog!
The bullfrog is almost dead.
The bullfrog completely misses you. The bullfrog closely misses you.
You closely miss the bullfrog.
The bullfrog is severely wounded.
The bullfrog hits you.
* * * LOW HITPOINT WARNING * * *
You hit the bullfrog.
The bullfrog is severely wounded.
The bullfrog closely misses you. The bullfrog barely misses you.
You feel better.
The bullfrog hits you but does no damage.
You hit the bullfrog.
The bullfrog is almost dead.
The bullfrog hits you.
* * * LOW HITPOINT WARNING * * *
The bullfrog hits you!
You die...

# . #.# ###..#
# #.#..#≈#..#
# #..#(#..# #
#.#..#≈#..#
#.##.#..#≈#..#
#.......#W#..#
........#S#..#
........#F#..#
.........@...#
#.......#....#
#..#+####....#
# #....#
......+
......##
#..?...#
.......#


You could see a bullfrog, MiltankisOP's ghost and an adder.

Vanquished Creatures
  An adder (D:2)
  A worm (D:2)
  A dart slug (D:2)
  4 bats
  5 endoplasms
  5 giant cockroaches
  5 goblins
  3 hobgoblins
  4 kobolds
  3 quokkas
  10 ball pythons
  6 frilled lizards (D:1)
  5 rats
53 creatures vanquished.

Notes
Turn   | Place    | Note
-------+----------+-------------------------------------------
     0 | D:1      | gobodom the Demonspawn Hedge Wizard began the quest for the
                  | Orb.
     0 | D:1      | Reached XP level 1. HP: 13/13 MP: 4/4
   449 | D:1      | Gained mutation: You are partially covered in thin metallic
                  | scales. (AC +2) [demonic ancestry]
   449 | D:1      | Reached XP level 2. HP: 19/19 MP: 1/6
  1249 | D:2      | Gained mutation: You are mostly covered in thin metallic
                  | scales. (AC +3) [demonic ancestry]
  1249 | D:2      | Reached XP level 3. HP: 13/24 MP: 1/8
  2433 | D:3      | Reached XP level 4. HP: 22/30 MP: 5/9
  2527 | D:3      | Found a runed translucent door.
  2528 | D:3      | Noticed a bullfrog
  2531 | D:3      | Noticed MiltankisOP's ghost (amateur DjTm)
  2552 | D:3      | Slain by a bullfrog

Illustrated notes

Levels and vault maps discovered:
D:1:      matt_arrival_refuge, layout_rooms, st_stairs_13, minivault_19
D:2:      layout_basic, minmay_unequal
D:3:      layout_basic, ebering_ghost_sewer_d, mrwooster_statue_mirror,
          chequers_avenue, serial_bayou_pond_c, roderic_batcave, minivault_25

Skill      XL: |  1  2  3 |
---------------+----------+-----
Dodging        | 2 |  2.2
Stealth        | 2 |  2.1
Fighting       | |  0.2
Short Blades   | |  0.8
Spellcasting   | |  3.7
Conjurations   | |  1.8
Summonings     | |  1.0
Translocations | |  0.8

Action                   |  1- 3 |  4- 6 || total
-------------------------+-------+-------++-------
Melee: Dagger            |    78 |       ||    78
       Rapier            |    33 |     9 ||    42
       Punch             |       |     1 ||     1
 Cast: Magic Dart        |    79 |     5 ||    84
  Use: Scroll            |     3 |       ||     3
       Potion            |       |     1 ||     1
 Stab: Sleeping          |     2 |       ||     2
Armor: Robe              |    39 |     4 ||    43
Dodge: Dodged            |    58 |    10 ||    68
